 Seeded DCSS version 0.29-a0-23-ga79f92ac9c (webtiles) character file.

Game seed: 10000000000011 (custom seed)

7 knot the Chopper (level 1, 0/18 HPs)
             Began as a Demonspawn Berserker on Jan 31, 2022.
             Was a Follower of Trog.
             Slain by a jackal (2 damage)
             ... on level 1 of the Dungeon.
             The game lasted 00:00:18 (462 turns).

knot the Chopper (Demonspawn Berserker)              Turns: 462, Time: 00:00:19

Health: 0/18       AC:  2    Str: 17    XL:     1   Next: 83%
Magic:  1/1        EV: 12    Int:  8    God:    Trog [*.....]
Gold:   19         SH:  0    Dex: 12    Spells: 0/0 levels left

rFire   . . .      SeeInvis .   a - +0 hand axe
rCold   . . .      Faith    .   (no shield)
rNeg    . . .      Spirit   .   b - +0 animal skin
rPois   .          Reflect  .   (no helmet)
rElec   .          Harm     .   (no cloak)
rCorr   .          Rampage  .   (no gloves)
Will    .....                   (no boots)
Stlth   +.........              (no amulet)
HPRegen 0.06/turn               (no ring)
MPRegen 0.07/turn               (no ring)

@: no status effects
A: no striking features
a: Renounce Religion, Berserk


You were on level 1 of the Dungeon.
You worshipped Trog.
Trog was aware of your devotion.
You visited 1 branch of the dungeon, and saw 1 of its levels.

You collected 19 gold pieces.

Inventory:

Hand Weapons
 a - a +0 hand axe (weapon)
Armour
 b - a +0 animal skin (worn)
Jewellery
 d - an amulet of reflection
Scrolls
 c - a scroll of amnesia {unknown}
Potions
 e - a potion of curing {unknown}
 f - a potion of lignification {unknown}


   Skills:
 - Level 3.0 Fighting
 + Level 3.1 Axes
 - Level 1.7 Armour
 - Level 1.7 Dodging


You couldn't memorise any spells.
You didn't know any spells.
Your spell library was empty.

Dungeon Overview and Level Annotations

Branches:
Dungeon (1/15)

Altars:


Message History

A jackal comes into view.
The jackal closely misses you.
The jackal moves out of view.
You barely miss the jackal. The jackal bites you. x2
You miss the jackal.
The jackal barks!
You hit the jackal but do no damage. The jackal barely misses you.
The jackal bites you but does no damage.
The jackal bites you.
You barely miss the jackal. You hit the jackal. The jackal misses you.
The jackal closely misses you. The jackal bites you.
You hit the jackal.
You kill the jackal!
Trog accepts your kill.
You completely miss the jackal. The jackal bites you.
The jackal barely misses you.
You closely miss the jackal. You barely miss the jackal.
The jackal closely misses you. x2; The jackal misses you.
You closely miss the jackal. You hit the jackal.
The jackal completely misses you.
The jackal bites you but does no damage.
The jackal completely misses you.
You barely miss the jackal.
The jackal is lightly wounded.
You hit the jackal.
The jackal bites you but does no damage.
The jackal bites you. The jackal barely misses you.
You completely miss the jackal.
The jackal is severely wounded.
You closely miss the jackal. The jackal misses you. The jackal bites you. x2
You are too injured to fight recklessly!
You are too injured to fight recklessly!
You are too injured to fight recklessly!
You hit the jackal.
The jackal is moderately wounded.
You hit the jackal but do no damage. The jackal bites you.
* * * LOW HITPOINT WARNING * * *
The jackal bites you.
* * * LOW HITPOINT WARNING * * *
The jackal bites you.
You die...

. .. . #.# .## ##.##
.##...########.... .....
....#.#.......... .###
#.##........#.# ....
.......#...h....#..
##.###.###.##...@h......
.#..##..#..........###..
.#..##..#..#..##...#
........#..#..##...#
..#.##.##..#..##...#
..#..#.##.....##...#
..#........#.###...#
#.#........### #...#
#.##....####


You could see 2 jackals.

Vanquished Creatures
  An endoplasm (D:1)
  A giant cockroach (D:1)
  A jackal (D:1)
  A frilled lizard (D:1)
  3 rats (D:1)
7 creatures vanquished.

Notes
Turn   | Place    | Note
-------+----------+-------------------------------------------
     0 | D:1      | knot the Demonspawn Berserker began the quest for the Orb.
     0 | D:1      | Reached XP level 1. HP: 18/18 MP: 1/1
   462 | D:1      | Slain by a jackal

Illustrated notes

Levels and vault maps discovered:
D:1:      lordsloth_arrival_two_stooges, layout_basic, grunt_decor_fettered,
          minmay_misc_feat_diagonals, nicolae_concentric_dashed_squares_wild

Skill      XL: |  1 |
---------------+----+-----
Axes           | 3 |  3.1
Fighting       | |  3.0
Armour         | |  1.7
Dodging        | |  1.7

Action                   || total
-------------------------++-------
Melee: Hand axe          ||    24
Armor: Animal skin       ||     6
Dodge: Dodged            ||    26

Table legend: (Time is in decaauts)
 A = Elapsed time spent in this place.
 B = Non-inter-level travel time spent in this place.
 C = Inter-level travel time spent in this place.
 D = Time resting spent in this place.
 E = Time spent auto-exploring this place.
 F = Levels seen in this place.
 G = Mean time per level.
                   A        B        C        D        E       F      G
               +--------+--------+--------+--------+--------+-----+--------+
         Total |    465 |    465 |      0 |    291 |    123 |   1 |  465.0 |
       Dungeon |    465 |    465 |      0 |    291 |    123 |   1 |  465.0 |
               +--------+--------+--------+--------+--------+-----+--------+

Top non-repeatable levels by time:
     D:1: 465 daAuts
